 Dungeon Crawl Stone Soup version 0.27.1-34-g3ba077fa99 (webtiles) character file.

Game seed: 555368325321824355

180 mcbry74 the Insei (level 5, -3/37 HPs)
             Began as a Merfolk Transmuter on Jan 24, 2022.
             Slain by Jazqba's ghost (7 damage)
             ... on level 3 of the Dungeon.
             The game lasted 00:14:40 (4167 turns).

mcbry74 the Insei (Merfolk Transmuter)              Turns: 4167, Time: 00:14:41

Health: -3/37      AC:  4    Str: 10    XL:     5   Next: 60%
Magic:  7/8        EV: 13    Int: 12    God:
Gold:   126        SH:  0    Dex: 16    Spells: 5/8 levels left

rFire    . . .     SeeInvis .     - Unarmed
rCold    . . .     Faith    .   (no shield)
rNeg     . . .     Spirit   .   a - +0 robe
rPois    .         Reflect  .   h - +0 helmet
rElec    .         Harm     .   c - +0 cloak
rCorr    .         Rampage  .   (no gloves)
Will     .....                  (no boots)
Stlth    +.........             (no amulet)
HPRegen  0.12/turn              (no ring)
MPRegen  0.11/turn              (no ring)

@: wereblooded (expiring)
A: (nimble swimmer 2), mertail
a: no special abilities


You were on level 3 of the Dungeon.
You visited 1 branch of the dungeon, and saw 3 of its levels.

You collected 126 gold pieces.

Inventory:

Hand Weapons
 k - a +0 hunting sling
Missiles
 f - 42 stones
Armour
 a - a +0 robe (worn)
 c - a +0 cloak (worn)
 h - a +0 helmet (worn)
Scrolls
 b - a scroll of magic mapping
 d - a scroll of amnesia
 m - a scroll of enchant armour
 q - a scroll of brand weapon {unknown}
Potions
 e - a potion of haste {unknown}
 g - 2 potions of brilliance
 i - a potion of heal wounds {unknown}
 j - 2 potions of attraction {unknown}
 n - a potion of might {unknown}
 p - a potion of resistance {unknown}


   Skills:
 - Level 1.1 Fighting
 - Level 2.6 Dodging
 + Level 6.7 Unarmed Combat
 - Level 2.0 Spellcasting
 - Level 2.6 Transmutations


You had 5 spell levels left.
You knew the following spells:

 Your Spells              Type           Power      Damage    Failure   Level
a - Beastly Appendage     Tmut           14%        N/A       9%          1
b - Wereblood             Tmut           7%         N/A       14%         2

Your spell library contained the following spells:

 Spells                   Type           Power      Damage    Failure   Level
 Spider Form              Tmut/Pois      2%         N/A       43%         3
 Ice Form                 Ice/Tmut       4%         N/A       83%         4


Dungeon Overview and Level Annotations

Branches:
Dungeon (3/15)

Altars:
Beogh

Annotations:
D:3 Jazqba's ghost, amateur HOHu


Innate Abilities, Weirdness & Mutations

((You are quick and stealthy near water. (Stealth+, EV+, Speed+++)))
Your lower body shifts to a powerful aquatic tail in water.


Message History

You punch the orc!
You feel a bit better.
You kill the orc!
You howl as the wereblood boils in your veins!
Items here: ( )) [ †.
You howl as the wereblood boils in your veins!
Your transformation is almost over.
You see here a +0 hand axe.
The orc shouts!
The orc hits you with a +0 short sword.
You hit the orc. Your headbutt misses the orc.
The orc is heavily wounded.
You barely miss the orc.
The orc is heavily wounded.
You howl as the wereblood boils in your veins!
The orc hits you but does no damage.
You hit the orc.
You feel a bit better.
You kill the orc!
You closely miss Jazqba's ghost. Jazqba's ghost hits you.
You punch Jazqba's ghost!
Jazqba's ghost is moderately damaged.
Jazqba's ghost boasts, "After taking care of you, I will research a spell that consumes the world."
Jazqba's ghost closely misses you.
You hit Jazqba's ghost. You headbutt Jazqba's ghost!
Jazqba's ghost is heavily damaged.
Your primal bloodlust is almost over.
The orc closely misses you. Jazqba's ghost hits you.
You hit Jazqba's ghost.
Jazqba's ghost is severely damaged.
The orc hits you from afar with a +5 halberd!
* * * LOW HITPOINT WARNING * * *
Jazqba's ghost barely misses you.
You punch Jazqba's ghost! You headbutt Jazqba's ghost.
Jazqba's ghost is almost destroyed.
You howl as the wereblood boils in your veins!
Your horns disappear.
Your +0 helmet unmelds from your body.
The orc hits you from afar with a +5 halberd!
* * * LOW HITPOINT WARNING * * *
Jazqba's ghost hits you!
You die...

.#.....##....###.#
.#.....###.....#.#
##.....# #.....#.#
.....### #...>..<#
.....#########8#)#
##....#8.....#.#.#
#.....#..##..#.#)#
......#..8#..#.#.#
#.#..##..##..#.#@#
.....##....#o#.#W#
......#[...#.'.o.#
#.##.##_.8.#.'..##
..#.## [...#.'.##
.#.## ....#.#..#
#.## ..##..#..#
### ..8#..#..#
..##..#..#


You could see Jazqba's ghost and an orc.

Vanquished Creatures
  An orc priest (D:3)
  An orc wizard (D:3)
  2 gnolls
  2 adders
  3 worms
  4 dart slugs
  9 orcs
  3 endoplasms (D:1)
  4 goblins (D:1)
  6 hobgoblins
  6 jackals
  2 quokkas
  3 ball pythons (D:2)
  5 bats
  2 frilled lizards
  7 kobolds
  2 rats
62 creatures vanquished.

Notes
Turn   | Place    | Note
-------+----------+-------------------------------------------
     0 | D:1      | mcbry74 the Merfolk Transmuter began the quest for the Orb.
     0 | D:1      | Reached XP level 1. HP: 15/15 MP: 3/3
   419 | D:1      | Reached XP level 2. HP: 20/21 MP: 3/5
   465 | D:1      | Reached skill level 4 in Unarmed Combat
  1310 | D:2      | Reached XP level 3. HP: 26/26 MP: 6/6
  1357 | D:2      | Found a faded altar of an unknown god.
  1394 | D:2      | Reached skill level 5 in Unarmed Combat
  1907 | D:1      | Reached XP level 4. HP: 11/32 MP: 5/7
  2634 | D:3      | Found a runed translucent gate.
  2635 | D:3      | Found a runed translucent gate.
  2635 | D:3      | Found a runed translucent gate.
  2636 | D:3      | Noticed Jazqba's ghost (amateur HOHu)
  3028 | D:3      | Reached skill level 6 in Unarmed Combat
  3319 | D:3      | Reached XP level 5. HP: 32/37 MP: 6/8
  3356 | D:3      | Learned a level 2 spell: Wereblood
  4167 | D:3      | Slain by Jazqba's ghost

Illustrated notes

Levels and vault maps discovered:
D:1:      minmay_arrival_split_and_join, layout_loops_ring
D:2:      layout_rooms, basic_ecumenical_altar
D:3:      layout_loops_ring, biasface_ghost_orc_armoury

Skill      XL: |  1  2  3  4 |
---------------+-------------+-----
Unarmed Combat | 4 5 6 |  6.7
Fighting       | |  1.1
Dodging        | |  2.6
Spellcasting   | |  2.0
Transmutations | |  2.6

Action                   |  1- 3 |  4- 6 || total
-------------------------+-------+-------++-------
Melee: Unarmed           |   116 |   100 ||   216
       Headbutt          |     6 |    17 ||    23
       Punch             |       |     4 ||     4
 Fire: Hunting sling     |    11 |       ||    11
 Cast: Beastly Appendage |    14 |    17 ||    31
       Wereblood         |       |     1 ||     1
  Use: Scroll            |       |     5 ||     5
Armor: Robe              |    32 |    14 ||    46
Dodge: Dodged            |    79 |    36 ||   115
